 Dungeon Crawl Stone Soup version 0.29-a0-283-ga02f740833 (webtiles) character file.

Game seed: 14842508952716664633

145 spaghetti the Cudgeller (level 5, -1/81 HPs)
             Began as an Ogre Berserker on Mar 13, 2022.
             Was a Believer of Trog.
             Succumbed to an orc's poison
             ... on level 4 of the Dungeon.
             The game lasted 00:03:40 (3210 turns).

spaghetti the Cudgeller (Ogre Berserker)            Turns: 3210, Time: 00:03:40

Health: -1/81      AC: 22    Str: 22 (23) XL:     5   Next: 27%
Magic:  5/5        EV:  1    Int:  5 (8)  God:    Trog [**....]
Gold:   143        SH:  0    Dex:  7 (8)  Spells: 4/4 levels left

rFire   . . .      SeeInvis .   q - +4 dagger (vamp) {short}
rCold   . . .      Faith    .   (no shield)
rNeg    . . .      Spirit   .   (body armour currently unavailable)
rPois   +          Reflect  .   (helmet currently unavailable)
rElec   .          Harm     .   (cloak currently unavailable)
rCorr   .          Rampage  .   (gloves unavailable)
Will    .....      Clarity  +   (boots unavailable)
Stlth   +......... NoTele   +   (no amulet)
HPRegen 0.23/turn               (no ring)
MPRegen 0.09/turn               (no ring)

@: mighty, lethally poisoned (-1 -> -19), tree-form, on berserk cooldown,
attractive
A: stationary, stasis, torment immunity, boosted hp, large, unfitting armour,
(tough skin 1), clarity
a: Renounce Religion, Berserk, Trog's Hand


You were on level 4 of the Dungeon.
You worshipped Trog.
Trog was pleased with you.
You were a tree.
You visited 1 branch of the dungeon, and saw 4 of its levels.

You collected 143 gold pieces.


Innate Abilities, Weirdness & Mutations

You are a tree.
Your roots penetrate the ground, keeping you stationary.
You cannot be teleported.
You are immune to unholy pain and torment.
Your maximum health is greatly increased.
Your equipment is partially melded.
You are too large for most types of armour.
((You have tough skin. (AC +1)))
You possess an exceptional clarity of mind.


   Skills:
 - Level 4.0 Fighting
 + Level 5.3 Maces & Flails
 - Level 2.6 Dodging


You had 4 spell levels left.
You didn't know any spells.
Your spell library contained the following spells:

 Spells                   Type           Power      Damage    Failure   Level
 Ensorcelled Hibernation  Hex/Ice        0%         N/A       63%         2
 Spider Form              Tmut/Pois      0%         N/A       85%         3
 Anguish                  Hex/Necr       0%         N/A       99%         4
 Animate Dead             Necr           0%         N/A       99%         4
 Borgnjor's Vile Clutch   Necr/Erth      0%         N/A       100%        5
 Death Channel            Necr           0%         N/A       100%        6

Inventory:

Hand Weapons
 a - a +0 mace {mace}
 m - a +1 hunting sling of freezing {sling}
   (You took it off a goblin on level 2 of the Dungeon)
 q - a +4 vampiric dagger (weapon) {short}
   (You took it off a goblin on level 2 of the Dungeon)
Missiles
 c - 51 stones (quivered) {throwing}
 f - 3 large rocks {=fthrowing}
 i - 4 poisoned darts {throwing}
Armour
 b - a +1 animal skin (melded)
Jewellery
 r - a ring of wizardry
   (You found it on level 3 of the Dungeon)
Wands
 d - a wand of iceblast (14)
   (You found it on level 2 of the Dungeon)
Scrolls
 g - 2 scrolls of enchant weapon
 s - a scroll of torment {!r}
Potions
 e - a potion of flight {unknown}
 h - a potion of curing {unknown}
 j - a potion of brilliance {unknown}

Dungeon Overview and Level Annotations

Branches:
Dungeon (4/15)             Temple (0/1) D:4

Altars:
Makhleb
Qazlal

Shops:
D:2 (

Annotations:
D:3 2 transporters, croobank's ghost, weakling FeDe

#...# . ....## ..
..... ..# ..... ..
. .. #..# ....
...##?###..##.#<.
/?....o♣.......#.
...##.##g........
...
................
....
#######.........
[...............###
#..########.###..#
#..# #.# #.#
#..########.# .#
#......†....# #


You could see an orc and a hobgoblin.


Message History

You are no longer berserk.
You are exhausted.
You feel yourself slow down. 😎 HP[-27]
You now have 54 max hp (-27).
A hobgoblin comes into view.
The hobgoblin shouts!
A hobgoblin is nearby!
A hobgoblin is nearby!
A hobgoblin is nearby!
You hit the hobgoblin.
You kill the hobgoblin!
Trog accepts your kill.
You see here a hobgoblin corpse.
Found a stone staircase leading up.
An orc comes into view. It is wielding a +0 hand axe.
The orc shouts!
The orc moves out of view.
An orc comes into view. It is wielding a +0 club.
The orc shouts!
There are monsters nearby!
There are monsters nearby!
A hobgoblin comes into view.
An orc comes into view. It is wielding a +2 whip of venom.
The hobgoblin shouts!
You hit the orc but do no damage. The orc hits you but does no damage.
You hit the orc but do no damage. The orc misses you. x2
You hit the orc. The orc closely misses you.
You hit the orc. The orc hits you with a +0 hand axe.
The orc closely misses you. 😕 HP[-6]
You take 6 damage, and now have 48/54 hp.
You puncture the orc!
You kill the orc!
Trog accepts your kill.
The hobgoblin completely misses you. 😕 HP[+1]
You puncture the orc!
You feel better.
You kill the orc!
Trog accepts your kill. The hobgoblin barely misses you.
The hobgoblin hits you.
The orc hits you with a +2 whip of venom.
You are poisoned. 😕 HP[-4]
You take 4 damage, and now have 45/54 hp.
You hit the hobgoblin.
You feel better.
You feel very sick. The hobgoblin barely misses you.
The orc hits you with a +2 whip of venom.
You are more poisoned. 😕 HP[-3]
You take 3 damage, and now have 42/54 hp.
It was a potion of might.
You feel very mighty all of a sudden.
You feel very sick. The hobgoblin barely misses you.
The orc hits you with a +2 whip of venom.
You are more poisoned.
The orc hits you with a +2 whip of venom.
You are lethally poisoned!
The hobgoblin hits you. 😮 HP[-12]
You take 12 damage, and now have 30/54 hp.
MASSIVE DAMAGE!! (PAUSE) It was a potion of mutation.
You feel extremely strange.
Your thoughts seem clearer.
* * * LOW HITPOINT WARNING * * *
You feel extremely sick.
The hobgoblin hits you but does no damage.
The orc hits you with a +2 whip of venom.
* * * LOW HITPOINT WARNING * * *
😨 HP[-11]
You take 11 damage, and now have 19/54 hp.
MASSIVE DAMAGE!! (PAUSE) It was a potion of attraction.
You feel attractive to monsters.
You feel yourself speed up.
* * * LOW HITPOINT WARNING * * *
You feel extremely sick.
The hobgoblin hits you but does no damage.
The orc barely misses you. The hobgoblin hits you.
* * * LOW HITPOINT WARNING * * *
The orc hits you with a +2 whip of venom.
* * * LOW HITPOINT WARNING * * *
You are more poisoned. 😱 HP[-14]
You take 14 damage, and now have 5/54 hp.
MASSIVE DAMAGE!! (PAUSE) It was a potion of lignification.
You turn into a tree.
Your +1 animal skin melds into your body.
Your roots penetrate the ground.
* * * LOW HITPOINT WARNING * * *
You feel very sick. The orc hits you but does no damage.
The hobgoblin hits you but does no damage. 😱 HP[-2]
You now have 81 max hp (+27).
It was a potion of degeneration.
There was something very wrong with that liquid.
You feel weakened.
You feel dopey.
You feel clumsy.
You die...

Skill      XL: |  1  2  3  4 |
---------------+-------------+-----
Maces & Flails | 3 4 5 |  5.3
Fighting       | |  4.0
Dodging        | |  2.6

Action                   |  1- 3 |  4- 6 || total
-------------------------+-------+-------++-------
Melee: Mace              |    90 |     3 ||    93
       Punch             |     3 |       ||     3
       Dagger            |       |    73 ||    73
Throw: Stone             |     6 |    42 ||    48
Invok: Berserk           |     3 |     2 ||     5
  Use: Scroll            |     3 |     5 ||     8
       Potion            |       |     5 ||     5
Armor: Animal skin       |    37 |    28 ||    65
       Skin              |       |     2 ||     2
Dodge: Dodged            |    54 |    31 ||    85

Levels and vault maps discovered:
D:1:      mrwooster_arrival_statue_3, layout_loops_cross, basic_ecumenical_altar
D:2:      layout_loops_corners, serial_shops, nicolae_shop_behind_doors,
          minmay_tromino_v7, uniq_terence, uniq_robin
D:3:      layout_loops_ring, grunt_qazlal_clouds, makhleb_altar_promises_db,
          gammafunk_ghost_stat_death
D:4:      layout_basic, overflow_temple_1_default, zin_treasury, temple_pool_b

Notes
Turn   | Place    | Note
-------+----------+-------------------------------------------
     0 | D:1      | spaghetti the Ogre Berserker began the quest for the Orb.
     0 | D:1      | Reached XP level 1. HP: 24/24 MP: 1/1
     0 | D:1      | magus.rc [v1.9.6]
   268 | D:1      | Reached skill level 3 in Maces & Flails
   279 | D:1      | Reached XP level 2. HP: 27/32 MP: 2/2
   532 | D:1      | You pick up a book of Dreams {forbidden} and begin
                  | reading...
   532 | D:1      | You add the spells Ensorcelled Hibernation, Spider Form and
                  | Anguish to your library.
   845 | D:1      | Found a faded altar of an unknown god.
   993 | D:2      | Noticed Terence
  1010 | D:2      | Killed Terence
  1011 | D:2      | Reached skill level 4 in Maces & Flails
  1011 | D:2      | Reached XP level 3. HP: 39/39 MP: 3/3
  1089 | D:2      | Found Posko's Weapon Shop.
  1330 | D:2      | Noticed Robin
  1346 | D:2      | Reached XP level 4. HP: 38/48 MP: 4/4
  1347 | D:2      | Killed Robin
  1550 | D:3      | Reached skill level 5 in Maces & Flails
  1788 | D:2      | Reached XP level 5. HP: 54/54 MP: 5/5
  2324 | D:3      | Noticed croobank's ghost (weakling FeDe)
  2341 | D:3      | Found a transporter.
  2355 | D:3      | Found a stormy altar of Qazlal.
  2383 | D:3      | You pick up a book of Unlife {forbidden} and begin
                  | reading...
  2383 | D:3      | You add the spells Animate Dead, Borgnjor's Vile Clutch and
                  | Death Channel to your library.
  2425 | D:3      | Found a burning altar of Makhleb.
  2427 | D:3      | Noticed a balrug
  2676 | D:3      | Reached ** piety under Trog
  2744 | D:3      | Found a transporter.
  3153 | D:4      | Found a staircase to the Ecumenical Temple.
  3207 | D:4      | Gained mutation: You possess an exceptional clarity of
                  | mind. [potion of mutation]
  3208 | D:4      | HP: 11/54 [poisoned by an orc]
  3208 | D:4      | HP: 5/54 [orc/+2 whip of venom (3)]
  3210 | D:4      | Succumbed to an orc's poison

Vanquished Creatures
  A howler monkey (D:3)
  Terence (D:2)
  Robin (D:2)
  A dart slug (D:2)
  2 orcs (D:4)
  3 ball pythons (D:2)
  4 endoplasms
  4 giant cockroaches
  13 goblins
  7 hobgoblins
  4 jackals (D:4)
  5 kobolds
  2 quokkas
  3 bats
  2 frilled lizards
  5 rats
58 creatures vanquished.

Table legend:
 A = Non-vault XP
 B = Vault XP
 C = Vault XP percentage of total XP
 D = Non-vault monster count
 E = Vault monster count
 F = Vault count percentage of total count
                 A         B        C        D         E       F
            +---------+---------+-------+---------+---------+-------
      Total |     141 |      67 |  32.2 |      47 |      11 |  19.0
            +---------+---------+-------+---------+---------+-------
        D:1 |      24 |       0 |   0.0 |      14 |       0 |   0.0
        D:2 |      21 |      67 |  76.1 |      12 |      11 |  47.8
        D:3 |      80 |       0 |   0.0 |      14 |       0 |   0.0
        D:4 |      16 |       0 |   0.0 |       7 |       0 |   0.0
            +---------+---------+-------+---------+---------+-------

Illustrated notes

Table legend:
 A = Kills in this place as a percentage of kills in entire the game.
 B = Kills by you in this place as a percentage of kills by you in the entire game.
 C = Kills by friends in this place as a percentage of kills by friends in the entire game.
 D = Other kills in this place as a percentage of other kills in the entire game.
 E = Experience gained in this place as a percentage of experience gained in the entire game.
 F = Experience gained in this place divided by the number of levels of this place that you have seen.
                   A       B       C       D       E      F
               +-------+-------+-------+-------+-------+----------------------
         Total | 100.0 | 100.0 |   N/A |   N/A | 100.0 |  52.0
       Dungeon | 100.0 | 100.0 |   N/A |   N/A | 100.0 |  52.0
               +-------+-------+-------+-------+-------+----------------------

Table legend: (Time is in decaauts)
 A = Elapsed time spent in this place.
 B = Non-inter-level travel time spent in this place.
 C = Inter-level travel time spent in this place.
 D = Time resting spent in this place.
 E = Time spent auto-exploring this place.
 F = Levels seen in this place.
 G = Mean time per level.
                   A        B        C        D        E       F      G
               +--------+--------+--------+--------+--------+-----+--------+
         Total |   3275 |   3155 |    120 |    387 |   2297 |   4 |  818.8 |
       Dungeon |   3275 |   3155 |    120 |    387 |   2297 |   4 |  818.8 |
               +--------+--------+--------+--------+--------+-----+--------+

Top non-repeatable levels by time:
     D:2: 1348 daAuts
     D:1: 967 daAuts
     D:3: 858 daAuts
     D:4: 101 daAuts
